 Seeded DCSS version 0.30.1-4-g462c640d31 (webtiles) character file.

Game seed: 6351066067085065685 (custom seed)

1781 Esekla the Thaumaturge (level 8, -2/46 (61) HPs)
             Began as a Deep Elf Necromancer on Sept 5, 2023.
             Was a Believer of Vehumet.
             Slain by a wight
             ... wielding a +3 halberd
              (12 damage)
             ... on level 7 of the Dungeon.
             The game lasted 00:29:49 (4228 turns).

Esekla the Thaumaturge (Deep Elf Necromancer)       Turns: 4228, Time: 00:29:50

HP:   -2/46 (61)    AC: 24    Str:  5    XL:     8   Next: 81%
MP:   22/22         EV:  2    Int: 23    God:    Vehumet [**....]
Gold: 293           SH:  0    Dex: 18    Spells: 14/24 levels left

rFire   . . .        s - +5 rapier of the Hero {heavy, rN+ Dex+3}
rCold   . . .        (no shield)
rNeg    + . .        w - melded +0 robe
rPois   +            i - melded +0 helmet
rElec   .            E - melded +0 cloak
rCorr   .            m - melded +0 pair of gloves
SInv    .            (boots currently unavailable)
Will    .....        x - amulet of magic regeneration
Stlth   +++          (no ring)
HPRegen 0.27/turn    (no ring)
MPRegen 0.58/turn

%: no passive effects
@: brilliant, tree-form, heavily drained
A: stationary, stasis, torment immunity, boosted hp
a: Renounce Religion


You were on level 7 of the Dungeon.
You worshipped Vehumet.
Vehumet was pleased with you.
You were a tree.
You visited 1 branch of the dungeon, and saw 7 of its levels.

You collected 293 gold pieces.

Inventory:

Hand Weapons
 a - a +2 vampiric dagger
 r - a +0 trident
 s - the +5 rapier of the Hero (weapon) {heavy, rN+ Dex+3}
   (You found it on level 3 of the Dungeon)

   Dex:       It affects your dexterity (+3).
   rN:        It protects you from negative energy.
Missiles
 c - 9 poisoned darts (quivered)
Armour
 i - a +0 helmet (melded)
 m - a +0 pair of gloves (melded)
 w - a +0 robe (melded)
 E - a +0 cloak (melded)
Jewellery
 x - an amulet of magic regeneration (around neck)
Wands
 p - a wand of roots (18)
 A - a wand of flame (15)
 G - a wand of mindburst (9)
Scrolls
 f - 7 scrolls of identify {unknown}
 k - 3 scrolls of enchant weapon {unknown}
 l - 2 scrolls of amnesia {unknown}
 n - a scroll of enchant armour {unknown}
 q - 5 scrolls of blinking {unknown}
 t - 2 scrolls of fog {unknown}
 v - a scroll of immolation {unknown}
 y - a scroll of magic mapping {unknown}
 B - 2 scrolls of fear
 C - a scroll of silence {unknown}
 D - a scroll of summoning {unknown}
 F - 2 scrolls of poison {unknown}
 H - a scroll of teleportation {unknown}
Potions
 b - a potion of magic
 e - a potion of attraction
 h - 4 potions of curing
 j - a potion of mutation {unknown}
 o - a potion of haste {unknown}
 u - 2 potions of brilliance


   Skills:
 + Level 3.0 Short Blades
 * Level 5.4 Dodging
 + Level 4.0 Stealth
 * Level 8.8 Spellcasting
 * Level 8.3 Necromancy
 * Level 2.5 Translocations
 * Level 2.3 Air Magic
 * Level 3.0 Poison Magic


You had 14 spell levels left.
You knew the following spells:

 Your Spells              Type           Power      Damage    Failure   Level
a - Necrotise             Necr           100%       1d9       1%          1
b - Sandblast             Erth           30%        2d9       6%          1
c - Teleport Other        Tloc           32%        N/A       7%          3
d - Vampiric Draining     Necr           64%        2d10      1%          3
v - Poisonous Vapours     Pois/Air       66%        N/A       3%          2

Your spell library contained the following spells:

 Spells                   Type           Power      Damage    Failure   Level
 Animate Dead             Necr           64%        N/A       1%          4
 Lesser Beckoning         Tloc           64%        N/A       3%          2
 Agony                    Necr           64%        N/A       6%          5
 Gell's Gravitas          Tloc           32%        N/A       7%          3
 Spider Form              Tmut/Pois      25%        N/A       11%         3
 Cause Fear               Hex            7%         N/A       54%         4
 Summon Mana Viper        Hex/Summ       15%        N/A       87%         5


Dungeon Overview and Level Annotations

Branches:
Dungeon (7/15)             Temple (0/1) D:6

Altars:
Dithmenos
Hepliaklqana
Okawaru
Qazlal
Trog
Vehumet
Zin
The Shining One

Shops:
D:2 =   D:4 (

Annotations:
D:2 black bear


Message History

You feel invigorated.
The wight hits you from afar with a +3 halberd!
* * * LOW HITPOINT WARNING * * *
You partially resist.
You feel drained.
* * * LOW HITPOINT WARNING * * *
The wight barely misses you.
You attack the rock wall.
The wight hits you but does no damage. The wight hits you with a +4 scimitar.
* * * LOW HITPOINT WARNING * * *
You attack the rock wall.
The wight hits you from afar with a +3 halberd.
You partially resist.
You feel drained. The wight hits you with a +4 scimitar!
* * * LOW HITPOINT WARNING * * *
The wight hits you but does no damage.
The wight hits you from afar with a +3 halberd.
* * * LOW HITPOINT WARNING * * *
You partially resist.
You feel drained.
You puncture the wight!
The wight is heavily damaged.
You feel less invigorated.
You feel less confused.
The wight hits you from afar with a +3 halberd.
* * * LOW HITPOINT WARNING * * *
The wight hits you but does no damage. x3
Okay, then.
It was a potion of curing.
You feel better.
The wight hits you from afar with a +3 halberd!
* * * LOW HITPOINT WARNING * * *
The wight hits you but does no damage.
You puncture the wight!
You destroy the wight!
Vehumet accepts your kill.
The wight hits you from afar with a +3 halberd.
* * * LOW HITPOINT WARNING * * *
You partially resist.
You feel drained.
Your Poison Magic skill increases to level 3!
Okay, then.
You feel better.
The wight hits you from afar with a +3 halberd!
You die...

#########
#.(.....#
#.......#
#......?########
#..............#
#.......)).....+
#.......)♣.....#
#......z#####+##
#.......#
#.......#
#########


You could see a wight.

Vanquished Creatures
  Pikel (D:6)
  A wyvern (D:7)
  Menkaure (D:7)
  An ice beast (D:6)
  2 ogres
  2 scorpions (D:5)
  2 wights (D:7)
  A gnoll bouda (D:3)
  4 hounds
  Crazy Yiuf (D:7)
  3 iguanas (D:5)
  A sleepcap (D:5)
  An orc wizard (D:7)
  9 gnolls
  9 adders
  A white imp (D:5)
  A worm (D:4)
  3 dart slugs
  13 orcs
  4 endoplasms
  8 goblins
  5 hobgoblins
  A quokka (D:1)
  6 ball pythons
  4 bats
  4 frilled lizards
  4 kobolds
  A rat (D:2)
94 creatures vanquished.

Notes
Turn   | Place    | Note
-------+----------+-------------------------------------------
     0 | D:1      | Esekla the Deep Elf Necromancer began the quest for the
                  | Orb.
     0 | D:1      | Reached XP level 1. HP: 10/10 MP: 6/6
   287 | D:4      | Found a radiant altar of Vehumet.
   300 | D:4      | Found an iron altar of Okawaru.
   311 | D:4      | Found a glowing silver altar of Zin.
   433 | D:4      | Found Ponaysk's Antique Weapon Boutique.
   645 | D:4      | Became a worshipper of Vehumet
   811 | D:3      | Reached skill level 5 in Necromancy
   874 | D:3      | Reached XP level 2. HP: 10/15 MP: 8/8
  1035 | D:2      | Noticed a black bear
  1107 | D:2      | Found Renulab's Jewellery Shop.
  1334 | D:2      | Found a faded altar of an unknown god.
  1399 | D:1      | Reached XP level 3. HP: 18/19 MP: 9/9
  1459 | D:2      | Reached * piety under Vehumet
  1459 | D:2      | Offered knowledge of Sandblast by Vehumet.
  1464 | D:2      | Learned a level 3 spell: Vampiric Draining
  1466 | D:2      | Learned a level 1 spell: Sandblast
  1670 | D:1      | Learned a level 3 spell: Teleport Other
  1813 | D:3      | Found a stormy altar of Qazlal.
  1817 | D:3      | Found a bloodstained altar of Trog.
  1828 | D:3      | Reached XP level 4. HP: 21/24 MP: 11/11
  1830 | D:3      | Reached skill level 1 in Short Blades
  1878 | D:3      | Found a hazy altar of Hepliaklqana.
  2148 | D:3      | Identified the +5 rapier of the Hero {heavy, rN+ Dex+3}
  2295 | D:5      | Entered Level 5 of the Dungeon
  2349 | D:5      | Reached XP level 5. HP: 27/28 MP: 13/13
  2386 | D:5      | Got the Parchment of the Lumpy Olives
  2426 | D:5      | Reached XP level 6. HP: 24/32 MP: 9/15
  2462 | D:5      | Found a shadowy altar of Dithmenos.
  2536 | D:5      | Reached skill level 5 in Spellcasting
  2646 | D:4      | Reached ** piety under Vehumet
  2686 | D:5      | Offered knowledge of Poisonous Vapours by Vehumet.
  2690 | D:5      | Learned a level 2 spell: Poisonous Vapours
  2708 | D:6      | Noticed an ice beast
  2741 | D:6      | Killed an ice beast
  2954 | D:3      | Reached XP level 7. HP: 22/36 MP: 15/17
  3018 | D:4      | Reached skill level 1 in Poison Magic
  3081 | D:4      | Found a glowing golden altar of the Shining One.
  3871 | D:6      | Found a staircase to the Ecumenical Temple.
  3872 | D:6      | Noticed Pikel
  3883 | D:6      | Killed Pikel
  3884 | D:6      | Reached skill level 5 in Dodging
  3884 | D:6      | Reached skill level 1 in Translocations
  3884 | D:6      | Reached skill level 1 in Air Magic
  3884 | D:6      | Reached XP level 8. HP: 31/41 MP: 7/21
  3967 | D:7      | Found a runed translucent door.
  3968 | D:7      | Noticed Crazy Yiuf
  3978 | D:7      | Killed Crazy Yiuf
  4099 | D:7      | Noticed Menkaure
  4105 | D:7      | Killed Menkaure
  4228 | D:7      | Slain by a wight

Illustrated notes

Levels and vault maps discovered:
D:1:      sevenhm_arrival_forest_fort_small_3, layout_rooms,
          chequers_serial_rivers_room_b, minmay_misc_feat_five
D:2:      layout_loops_ring, dreamdust_ecumenical_altar_angels_and_demons,
          serial_shops, shop
D:3:      layout_basic, grunt_temple_overflow_open, minmay_misc_feat_iff
D:4:      layout_basic, nicolae_overflow_quartered_altars, serial_shops,
          nicolae_diamond_shop
D:5:      layout_loops_ring, lemuel_doored_altar, minmay_misc_feat_rows,
          dreamdust_wishing_well
D:6:      layout_loops_cross, fedhas_altar_fruit_tree,
          minmay_temple_entry_glass, uniq_pikel, uniq_blork_the_orc
D:7:      layout_basic, uniq_menkaure, uniq_joseph, uniq_crazy_yiuf_cottage

Skill      XL: |  1  2  3  4  5  6  7  8 |
---------------+-------------------------+-----
Necromancy     | 5 6 7 8 |  8.3
Dodging        | 3 4 5 |  5.4
Stealth        | 3 4 |  4.0
Short Blades   | 1 2 3 |  3.0
Spellcasting   | 4 5 7 8 |  8.8
Poison Magic   | 2 3 |  3.0
Translocations | 1 2 |  2.5
Air Magic      | 1 2 |  2.3

Action                     |  1- 3 |  4- 6 |  7- 9 || total
---------------------------+-------+-------+-------++-------
  Melee: Short sword       |    46 |       |       ||    46
         Unarmed           |     9 |       |       ||     9
         Dagger            |    75 |    80 |    67 ||   222
         Punch             |     1 |     3 |     2 ||     6
         Rapier            |       |     1 |    16 ||    17
  Throw: Dart              |       |     6 |       ||     6
   Cast: Vampiric Draining |       |    28 |    32 ||    60
         Poisonous Vapours |       |       |    22 ||    22
  Evoke: Wand              |     2 |       |       ||     2
    Use: Scroll            |     1 |       |       ||     1
         Potion            |       |       |     9 ||     9
   Stab: Sleeping          |     6 |     4 |     1 ||    11
 Armour: Robe              |    45 |    13 |    20 ||    78
         Skin              |       |       |    24 ||    24
  Dodge: Dodged            |   125 |    70 |   109 ||   304
